 Dungeon Crawl Stone Soup version 0.19.5 (webtiles) character file.

296388 Peloso the Hoplite (level 20, -20/192 (193) HPs)
             Began as a Minotaur Fighter on Apr 15, 2017.
             Was the Champion of Okawaru.
             Killed from afar by a crystal guardian (75 damage)
             ... with a crystal bolt
             ... on level 2 of the Elven Halls on Apr 16, 2017.
             The game lasted 02:34:32 (37976 turns).

Peloso the Hoplite (Minotaur Fighter)              Turns: 37976, Time: 02:34:32

HP:   -20/192 (193) AC: 41    Str: 27    XL:     20   Next: 8%
MP:   20/20         EV:  8    Int:  5    God:    Okawaru [******]
Gold: 2023          SH: 26    Dex: 19    Spells: 0 memorised, 19 levels left

rFire  + . .     SeeInvis .     p - +6 scimitar of Flaming Death {sticky flame, rPois rF++ rC- MR+}
rCold  x . .     Gourm    .     q - +7 crystal plate armour of Youthful Indiscretion {+Inv +Fly rF-}
rNeg   . . .     Faith    .     Q - +0 large shield {reflect}
rPois  +         Spirit   .     (helmet unavailable)
rElec  .         Reflect  +     j - +2 cloak {MR+}
rCorr  .         Harm     .     E - +0 pair of gloves
MR     +++..                    I - +2 pair of boots {run}
Stlth  ..........               P - amulet of regeneration
                                r - +4 ring of slaying
                                V - +6 ring of dexterity

@: lethally poisoned (-20 -> -20), quick
A: retaliatory headbutt, horns 3
a: Heroism, Finesse, Renounce Religion, Evoke Invisibility, Evoke Flight
}: 2/15 runes: decaying, serpentine


You were on level 2 of the Elven Halls.
You worshipped Okawaru.
Okawaru was exalted by your worship.
You were not hungry.

You visited 7 branches of the dungeon, and saw 35 of its levels.
You also visited: Ice Cave.

You collected 4015 gold pieces.
You spent 1992 gold pieces at shops.

Inventory:

Hand Weapons
 p - the +6 scimitar of Flaming Death (weapon) {sticky flame, rPois rF++ rC- MR+}
   (Okawaru gifted it to you on level 4 of the Snake Pit)

   It has been specially enchanted to burn those struck by it, causing extra
   injury to most foes and up to half again as much damage against particularly
   susceptible opponents.
   Big, fiery blades are also staple armaments of hydra-hunters.
   It greatly protects you from fire.
   It makes you vulnerable to cold.
   It protects you from poison.
   It affects your resistance to hostile enchantments.
 y - a +9 double sword of electrocution
 D - the +8 double sword "Qinweosk" {slice, Int+4}
   (Okawaru gifted it to you on level 2 of the Elven Halls)

   It inflicts extra damage upon your enemies.
   It affects your intelligence (+4).
Armour
 g - the +2 cloak of Love and Death {rElec rPois rC- Dex+5}
   (You bought it in a shop on level 1 of the Elven Halls)

   It affects your dexterity (+5).
   It makes you vulnerable to cold.
   It insulates you from electricity.
   It protects you from poison.
 j - a +2 cloak of magic resistance (worn)
 q - the +7 crystal plate armour of Youthful Indiscretion (worn) {+Inv +Fly rF-}
   (You acquired it on level 1 of the Orcish Mines)

   It makes you vulnerable to fire.
   It lets you turn invisible.
   It lets you fly.
 C - a +2 buckler
 E - a +0 pair of gloves (worn)
 I - a +2 pair of boots of running (worn)
 Q - a +0 large shield of reflection (worn)
 Y - the +1 hat of Honour {rF+ Regen+}
   (Okawaru gifted it to you on level 6 of the Lair of Beasts)

   It protects you from fire.
   It increases your rate of regeneration.
 Z - a +0 hat of magic resistance
Jewellery
 k - an uncursed ring of protection from magic
 r - a +4 ring of slaying (right hand)
 P - an amulet of regeneration (around neck)
 V - a +6 ring of dexterity (left hand)
Wands
 e - a wand of hasting (1/9)
 t - a wand of disintegration (11/24)
 u - a wand of heal wounds (6/9)
 M - a wand of digging (6/24)
Scrolls
 c - 3 scrolls of identify
 h - 17 scrolls of remove curse
 i - 2 scrolls of fog
 m - 3 scrolls of recharging
 w - 2 scrolls of summoning {unknown}
 x - a scroll of magic mapping
 z - a scroll of holy word {unknown}
 A - a scroll of silence
 O - 4 scrolls of teleportation
Potions
 a - 4 potions of haste
 b - 2 potions of berserk rage
 d - 6 potions of might
 l - 5 potions of curing
 o - a potion of brilliance
 s - 2 potions of heal wounds
 v - a potion of ambrosia
 B - 4 potions of resistance
 G - 4 potions of agility
 H - 4 potions of flight
 R - 2 potions of invisibility
Comestibles
 f - 18 bread rations
 n - 6 slices of pizza
 F - 7 meat rations
 J - 31 beef jerkies
 K - 5 chunks of flesh
 S - 4 royal jellies


   Skills:
 + Level 19.9 Fighting
   Level 7.0(14.2) Short Blades
 + Level 20.2(20.6) Long Blades
   Level 2.6 Axes
 + Level 17.8 Armour
 + Level 2.7 Dodging
 + Level 2.2 Stealth
 + Level 23.2 Shields
 + Level 1.4 Invocations
 + Level 0.1 Evocations


You had 19 spell levels left.
You didn't know any spells.

Dungeon Overview and Level Annotations

Branches:
Dungeon (15/15)            Temple (1/1) D:7            Lair (6/6) D:10
  Swamp (4/4) Lair:3        Snake (4/4) Lair:3        Slime (0/5) Lair:5
    Orc (2/2) D:9             Elf (3/3) Orc:2        Vaults (0/5) D:13
 Depths (0/5) D:15

Altars:
Cheibriados
Dithmenos
Elyvilon
Fedhas
Gozag
Hepliaklqana
Kikubaaqudgha
Makhleb
Nemelex Xobeh
Okawaru
Qazlal
Ru
Sif Muna
Trog
Uskayaw
Vehumet
Xom
Yredelemnul
Zin
Beogh
Jiyva

Shops:
D:10 [   D:12 %   D:13 (   Orc:1 *   Orc:2 (:![   Elf:1 [   Elf:2 :
Snake:2 }==

Portals:
Trove: Elf:1 (give 20 scrolls of identify)


Innate Abilities, Weirdness & Mutations

You reflexively headbutt those who attack you in melee.
You have a pair of large horns on your head.


Message History

You block the earth elemental's attack.
You hit the deep elf elementalist. You burn the deep elf elementalist.
You headbutt the deep elf elementalist!!
The deep elf elementalist is almost dead.
You block the deep elf elementalist's attack.
The crystal guardian hits you!
* * * LOW HITPOINT WARNING * * *
You block the earth elemental's attack.
You slash the deep elf elementalist! You burn the deep elf elementalist.
You kill the deep elf elementalist!
Okawaru accepts your kill.
The earth elemental disappears in a puff of smoke! x6
Your life force feels restored.
Unknown command.
You slash the crystal guardian!
The crystal guardian is lightly damaged.
You feel sick.
The crystal guardian fires a crystalline bolt at you.
The crystal bolt freezes you!
You feel a terrible chill!
You die...

###.### ###.....###
###.........###
#............##
####..........##.#
.[.'.<......##.(.###
####.....#'#..§(§..#
#.[.##.....§.§).# ##
#.##........§@§§#
.####..........8§§.#
..####.[..........##
...##'##.....######
)...'#####.###
P....## ### .P....##
..P....# .P....##


You could see a crystal guardian.

Vanquished Creatures
  An Ice Fiend (IceCv)
  Jorgrun (Swamp:2)
  A tentacled monstrosity (Swamp:4)
  2 deep elf blademasters
  5 thorn hunters
  A storm dragon (D:14)
  Roxanne (Elf:1)
  12 nagarajas
  3 deep elf sorcerers
  A frost giant (D:14)
  5 deep elf elementalists
  A fire giant (D:14)
  A deep elf demonologist (Elf:3)
  Nessos (D:12)
  8 deep elf annihilators
  The ghost of xhc the Geomancer, a journeyman GrEE of Vehumet (Lair:3)
  Snorg (Lair:3)
  3 crystal guardians (Elf:3)
  A fire dragon (Lair:6)
  5 deep elf death magi
  An ettin (Orc:1)
  The ghost of Dwachs the Carver, a journeyman DDFi of Makhleb (D:11)
  5 deep elf high priests
  An ice dragon (Swamp:4)
  18 naga warriors
  Erolcha (Orc:1)
  24 hydras
  4 vault guards (D:13)
  Fannar (Lair:3)
  A ghost crab (Swamp:1)
  A centaur warrior (D:13)
  15 anacondas
  A rakshasa (D:15)
  5 alligators
  22 dancing weapons
  3 ogre magi
  A deep troll earth mage (D:15)
  5 shock serpents
  2 small abominations
  10 naga sharpshooters
  3 orc high priests
  25 deep elf knights
  3 salamander mystics
  Nergalle (Orc:1)
  2 spriggan druids (Swamp:4)
  2 deep trolls (Orc:1)
  A glowing orange brain (D:15)
  13 swamp dragons
  4 deep elf archers
  16 naga ritualists
  5 shambling mangroves
  12 mana vipers
  An orc knight (D:12)
  8 hill giants
  A necromancer (Lair:2)
  49 deep elf magi
  An oklob plant (Lair:4)
  2 ugly things
  3 cyclopes
  4 orc sorcerers
  2 manticores
  11 salamanders
  19 guardian serpents
  A black mamba (shapeshifter) (D:15)
  2 centaur zombies
  26 naga magi
  44 black mambas
  4 ice statues (IceCv)
  A torpor snail (Lair:6)
  Joseph (D:7)
  16 spiny frogs
  2 rime drakes (Lair:6)
  3 centaur skeletons
  A kobold demonologist (D:11)
  A freezing wraith (D:14)
  An efreet (D:14)
  4 anaconda simulacra (IceCv)
  7 ice devils (IceCv)
  A komodo dragon (shapeshifter) (D:15)
  9 komodo dragons
  8 polar bears (Lair:6)
  A tengu conjurer (D:15)
  12 tyrant leeches
  A wind drake (shapeshifter) (D:15)
  A meliai (D:14)
  A guardian mummy (Elf:1)
  11 trolls
  21 blink frogs
  Grinder (D:4)
  10 bog bodies
  11 two-headed ogres
  13 hornets
  5 raiju (Lair:6)
  6 slime creatures
  13 hippogriffs
  2 dream sheep (Lair:6)
  4 air elementals
  2 shadows
  6 spriggans
  A hog (shapeshifter) (D:15)
  Eustachio (D:4)
  3 water elementals
  A wraith (D:10)
  40 yaks
  2 dire elephant simulacra (IceCv)
  2 wyverns
  2 basilisks
  A fire elemental (Elf:1)
  3 steam dragons (Lair:6)
  21 vampire mosquitoes
  A hungry ghost (D:15)
  2 harpy simulacra (IceCv)
  45 nagas
  4 insubstantial wisps (Swamp:2)
  25 wargs
  4 mottled dragons
  20 swamp worms
  An iron troll simulacrum (IceCv)
  5 hell hounds (Lair:6)
  11 water moccasins
  8 porcupines
  29 orc warriors
  4 sky beasts
  10 swamp drakes
  3 eyes of draining
  6 ice beasts
  5 phantoms
  An ettin simulacrum (IceCv)
  13 black bears (Lair:6)
  2 necrophages
  29 ogres
  10 centaurs
  13 wolves
  20 crocodiles
  The ghost of xhc the Digger, an amateur GrEE (D:3)
  29 bullfrogs
  8 big kobolds
  6 scorpions
  13 killer bees
  A vampire bat (D:4)
  17 wights
  An electric eel (Lair:1)
  5 howler monkeys
  8 crimson imps
  2 bullfrog zombies
  A quasit (D:13)
  16 orc wizards
  20 hounds
  4 jellies
  18 orc priests
  A bullfrog skeleton (D:13)
  Crazy Yiuf (D:2)
  Jessica (D:3)
  3 iguanas
  Terence (D:3)
  14 worker ants
  Ijyb (D:3)
  Natasha (thrice) (D:4)
  3 polar bear simulacra (Lair:2)
  4 yak simulacra (Lair:2)
  3 wolf simulacra (Lair:2)
  Robin (D:4)
  16 gnolls
  7 adders
  4 shadow imps
  An adder skeleton (D:4)
  2 worms
  2 dart slugs
  4 leopard geckos
  146 orcs
  11 giant cockroaches
  36 goblins
  40 hobgoblins
  8 jackals
  5 quokkas
  14 bats
  2 frilled lizards (D:1)
  2 giant cockroach zombies
  A jackal skeleton (D:4)
  25 kobolds
  2 quokka skeletons
  A quokka zombie (D:5)
  12 rats
  A river rat simulacrum (Lair:2)
  2 briar patches (Swamp:3)
  4 fungi
  2 plants (Lair:6)
1502 creatures vanquished.

Vanquished Creatures (others)
  A deep elf master archer (Elf:3)
  A hydra (Swamp:2)
  A naga sharpshooter (Snake:4)
  A naga ritualist (Snake:4)
  A deep elf archer (Elf:3)
  A cyclops (Orc:2)
  A black mamba (Snake:3)
  A floating eye (shapeshifter) (D:15)
  A swamp drake (Swamp:4)
  An ogre (Elf:2)
  3 orcs (Elf:2)
  A briar patch (Swamp:3)
  8 fungi
  15 plants
37 creatures vanquished.

Grand Total: 1539 creatures vanquished

Notes
Turn   | Place    | Note
-------+----------+-------------------------------------------
     0 | D:1      | Peloso the Minotaur Fighter began the quest for the Orb.
     0 | D:1      | Reached XP level 1. HP: 19/19 MP: 0/0
   158 | D:1      | Reached XP level 2. HP: 13/27 MP: 1/1
   433 | D:1      | Reached XP level 3. HP: 31/33 MP: 2/2
   716 | D:2      | Reached skill level 4 in Shields
  1020 | D:2      | Reached XP level 4. HP: 30/40 MP: 3/3
  1131 | D:2      | Found a runed door.
  1352 | D:2      | Noticed Crazy Yiuf
  1354 | D:2      | Killed Crazy Yiuf
  1393 | D:3      | Noticed Ijyb
  1394 | D:3      | Found a sparkling altar of Nemelex Xobeh.
  1398 | D:3      | Killed Ijyb
  1398 | D:3      | Reached XP level 5. HP: 37/47 MP: 4/4
  1570 | D:3      | Noticed Terence
  1575 | D:3      | Killed Terence
  1575 | D:3      | Reached skill level 5 in Long Blades
  1900 | D:3      | Noticed Jessica
  1903 | D:3      | Found a bloodstained altar of Trog.
  1906 | D:3      | Killed Jessica
  2308 | D:3      | Noticed xhc's ghost (amateur GrEE)
  2317 | D:3      | Killed xhc's ghost
  2317 | D:3      | Reached XP level 6. HP: 54/55 MP: 5/5
  2400 | D:3      | Reached skill level 5 in Shields
  2441 | D:3      | Reached skill level 5 in Fighting
  2576 | D:3      | Reached skill level 5 in Armour
  2577 | D:3      | Reached XP level 7. HP: 57/61 MP: 6/6
  2595 | D:3      | Reached skill level 1 in Dodging
  3060 | D:4      | Noticed Robin
  3068 | D:4      | Killed Robin
  3155 | D:4      | Noticed Eustachio
  3155 | D:4      | Noticed Grinder
  3161 | D:4      | Killed Grinder
  3161 | D:4      | Reached skill level 6 in Shields
  3188 | D:4      | Killed Eustachio
  3188 | D:4      | Reached XP level 8. HP: 61/69 MP: 7/7
  3200 | D:4      | Noticed Natasha
  3207 | D:4      | Killed Natasha
  3564 | D:4      | Noticed Natasha
  3569 | D:4      | Killed Natasha
  3571 | D:4      | Noticed Natasha
  3578 | D:4      | Killed Natasha
  3640 | D:5      | Entered Level 5 of the Dungeon
  3765 | D:5      | Found a blossoming altar of Fedhas.
  3766 | D:5      | Found an ancient bone altar of Kikubaaqudgha.
  3787 | D:5      | Reached skill level 7 in Shields
  3975 | D:5      | Found a sparkling altar of Nemelex Xobeh.
  4109 | D:5      | Found an opulent altar of Gozag.
  4394 | D:6      | Found a glowing silver altar of Zin.
  4398 | D:6      | Noticed an angel
  4447 | D:6      | Found a shimmering altar of Xom.
  4486 | D:6      | Found a white marble altar of Elyvilon.
  4660 | D:6      | Reached XP level 9. HP: 71/75 MP: 8/8
  4810 | D:6      | Found a blossoming altar of Fedhas.
  4864 | D:6      | Reached skill level 10 in Long Blades
  4928 | D:6      | Found a stormy altar of Qazlal.
  5018 | D:6      | Reached skill level 8 in Shields
  5710 | D:7      | Noticed Joseph
  5722 | D:7      | Killed Joseph
  5896 | D:7      | Found a sacrificial altar of Ru.
  5925 | D:7      | Found a staircase to the Ecumenical Temple.
  5935 | D:7      | Reached skill level 9 in Shields
  5943 | Temple   | Entered the Ecumenical Temple
  5992 | Temple   | Became a worshipper of Warmaster Okawaru
  6040 | D:7      | Found a shadowy altar of Dithmenos.
  6080 | D:7      | Reached XP level 10. HP: 88/88 MP: 9/9
  6330 | D:8      | Found a hazy altar of Hepliaklqana.
  6403 | D:8      | Reached * piety under Okawaru
  6926 | D:9      | Got an ancient buckler
  6941 | D:9      | Identified the cursed -1 buckler of True Grit {rF+++ rC- Str+9 Dex-5} (You found it on level 9 of the Dungeon)
  7110 | D:9      | Reached ** piety under Okawaru
  7163 | D:9      | Reached skill level 10 in Shields
  7270 | D:9      | Found a staircase to the Orcish Mines.
  7461 | D:9      | Found a deep blue altar of Sif Muna.
  7653 | D:9      | Reached skill level 1 in Stealth
  7703 | D:10     | Entered Level 10 of the Dungeon
  7800 | D:10     | Reached *** piety under Okawaru
  7862 | D:10     | Found Edigu's Armour Boutique.
  7901 | D:10     | Noticed a hill giant
  7912 | D:10     | Killed a hill giant
  7912 | D:10     | Reached XP level 11. HP: 66/95 MP: 0/10
  8036 | D:10     | Found a staircase to the Lair.
  8054 | D:10     | Reached **** piety under Okawaru
  8454 | Lair:1   | Entered Level 1 of the Lair of Beasts
  8455 | Lair:1   | Found a shimmering altar of Xom.
  9636 | Lair:2   | Noticed a necromancer
  9648 | Lair:2   | Killed a necromancer
  9718 | Lair:2   | Reached skill level 11 in Shields
  9724 | Lair:2   | Reached ***** piety under Okawaru
  9875 | Lair:2   | Reached skill level 10 in Armour
  9884 | Lair:2   | Reached skill level 10 in Fighting
 10479 | Lair:2   | Reached XP level 12. HP: 89/107 MP: 11/11
 10675 | Lair:3   | Found a staircase to the Snake Pit.
 10759 | Lair:3   | Noticed Fannar
 10774 | Lair:3   | Killed Fannar
 10774 | Lair:3   | Received a gift from Okawaru
 10778 | Lair:3   | Reached skill level 12 in Shields
 10793 | Lair:3   | Got a brightly glowing hat {god gift}
 10806 | Lair:3   | Identified the +0 hat "Guet Vak" {rElec Slay-4 SInv Stlth-} (Okawaru gifted it to you on level 3 of the Lair of Beasts)
 10825 | Lair:3   | Noticed Snorg
 11206 | Lair:3   | Killed Snorg
 11219 | Lair:3   | Found a hide-covered altar of Uskayaw.
 11222 | Lair:3   | Noticed xhc's ghost (journeyman GrEE)
 11225 | Lair:3   | Found a staircase to the Swamp.
 11230 | Lair:3   | Killed xhc's ghost
 11230 | Lair:3   | Reached ****** piety under Okawaru
 11230 | Lair:3   | Reached skill level 15 in Long Blades
 11605 | Lair:4   | Noticed an eight-headed hydra
 11882 | D:11     | Found an iron altar of Okawaru.
 12006 | D:11     | Reached skill level 13 in Shields
 12086 | D:11     | Received a gift from Okawaru
 12163 | D:11     | Noticed Dwachs's ghost (journeyman DDFi)
 12193 | D:11     | Killed Dwachs's ghost
 12319 | D:11     | Found a roughly hewn altar of Beogh.
 12407 | D:11     | Reached XP level 13. HP: 101/118 MP: 12/12
 13335 | Lair:4   | Received a gift from Okawaru
 13335 | Lair:4   | Reached skill level 1 in Axes
 13854 | Lair:5   | Reached skill level 1 in Invocations
 14059 | Lair:5   | Found a staircase to the Slime Pits.
 14059 | Lair:5   | Found a viscous altar of Jiyva.
 14486 | Lair:5   | Got a twisted short sword
 14487 | Lair:5   | Identified the +8 short sword of the Snake Pit {flame, rElec rPois Str+4} (You found it on level 5 of the Lair of Beasts)
 14503 | Lair:6   | Entered Level 6 of the Lair of Beasts
 14636 | Lair:6   | Received a gift from Okawaru
 14711 | Lair:6   | Reached skill level 14 in Shields
 14858 | Lair:6   | Got a crystal short sword
 14859 | Lair:6   | Identified the +3 short sword "Tijap" {flame, +Inv rPois Str+3 Dex-4} (You found it on level 6 of the Lair of Beasts)
 15189 | Lair:6   | Noticed a fire dragon
 15204 | Lair:6   | Killed a fire dragon
 15438 | Lair:6   | Received a gift from Okawaru
 15462 | Lair:6   | Got a slimy hat {god gift}
 15644 | Lair:6   | Identified the +1 hat of Honour {rF+ Regen+} (Okawaru gifted it to you on level 6 of the Lair of Beasts)
 15875 | Lair:6   | Reached XP level 14. HP: 129/129 MP: 13/13
 16233 | Lair:1   | Gained mutation: You have a pair of large horns on your head. [potion of beneficial mutation]
 16795 | D:12     | Noticed Nessos
 16807 | D:12     | Killed Nessos
 16959 | D:12     | Found Hawny's Food Boutique.
 18039 | D:13     | Reached skill level 15 in Shields
 18051 | D:13     | Received a gift from Okawaru
 18070 | D:13     | Identified a +2 pair of boots of running (Okawaru gifted it to you on level 13 of the Dungeon)
 18169 | D:13     | Found a gate to the Vaults.
 18465 | D:13     | Found Hoick's Weapon Emporium.
 18467 | D:13     | Reached skill level 1 in Short Blades
 18847 | D:14     | Found a shimmering altar of Xom.
 18897 | D:14     | Found a blossoming altar of Fedhas.
 19287 | D:14     | Noticed a frost giant
 19287 | D:14     | Noticed a storm dragon
 19287 | D:14     | Noticed a fire giant
 19302 | D:14     | HP: 3/133 [storm dragon/bolt of lightning (27)]
 19612 | D:14     | Killed a fire giant
 19801 | D:14     | Killed a storm dragon
 19801 | D:14     | Reached skill level 15 in Fighting
 19967 | D:14     | Killed a frost giant
 19995 | D:15     | Entered Level 15 of the Dungeon
 20384 | D:15     | Received a gift from Okawaru
 20426 | D:15     | Reached XP level 15. HP: 136/141 MP: 14/14
 20548 | D:15     | Found a staircase to the Depths.
 21194 | Orc:1    | Entered Level 1 of the Orcish Mines
 21198 | Orc:1    | Noticed Erolcha
 21210 | Orc:1    | Killed Erolcha
 21303 | Orc:2    | Entered Level 2 of the Orcish Mines
 21303 | Orc:2    | Found Kyiwkaocs's Weapon Emporium.
 21303 | Orc:2    | Found Avaocleq's Book Boutique.
 21303 | Orc:2    | Found Lukli's Distillery.
 21539 | Orc:1    | Reached skill level 16 in Shields
 21841 | Orc:2    | Found Cahim's Armour Boutique.
 21992 | Orc:2    | Bought a potion of might for 56 gold pieces
 21992 | Orc:2    | Bought a potion of might for 56 gold pieces
 22213 | Orc:2    | Found a staircase to the Elven Halls.
 22307 | Orc:1    | Noticed Nergalle
 22318 | Orc:1    | Paralysed by an orc sorcerer for 6 turns
 22331 | Orc:1    | Killed Nergalle
 22510 | Orc:1    | Found Nonin's Assorted Antiques.
 22544 | Orc:1    | Bought a scroll of enchant armour for 232 gold pieces
 22544 | Orc:1    | Bought a bone ring for 155 gold pieces
 22544 | Orc:1    | Bought a scroll of brand weapon for 620 gold pieces
 22544 | Orc:1    | Bought a scroll labeled XIVAGA TIRGHIHY for 31 gold pieces
 22550 | Orc:1    | Got a dazzling crystal plate armour
 22561 | Orc:1    | Identified the +7 crystal plate armour of Youthful Indiscretion {+Inv +Fly rF-} (You acquired it on level 1 of the Orcish Mines)
 23116 | Snake:1  | Entered Level 1 of the Snake Pit
 23337 | Snake:1  | Received a gift from Okawaru
 23607 | Snake:1  | Reached skill level 17 in Shields
 23622 | Snake:1  | Reached skill level 5 in Short Blades
 23913 | Swamp:1  | Entered Level 1 of the Swamp
 24216 | Swamp:1  | Paralysed by a hornet for 3 turns
 24317 | Swamp:1  | Reached XP level 16. HP: 151/151 MP: 15/15
 24914 | Swamp:2  | Received a gift from Okawaru
 24953 | Swamp:2  | Noticed Jorgrun
 24966 | Swamp:2  | Killed Jorgrun
 25194 | Swamp:2  | Noticed a thorn hunter
 25203 | Swamp:2  | Killed a thorn hunter
 25214 | Swamp:2  | Got a glittering bone ring
 25216 | Swamp:2  | Identified the ring "Perghetun" {*Tele +Inv MR+} (You found it on level 2 of the Swamp)
 25575 | Swamp:3  | Reached skill level 18 in Shields
 25778 | Swamp:3  | Found a sacrificial altar of Ru.
 25800 | Swamp:3  | Noticed a thorn hunter
 25814 | Swamp:3  | Killed a thorn hunter
 25836 | Swamp:3  | Noticed a thorn hunter
 25842 | Swamp:3  | Killed a thorn hunter
 25842 | Swamp:3  | Received a gift from Okawaru
 26164 | Swamp:4  | Entered Level 4 of the Swamp
 26200 | Swamp:4  | Noticed a tentacled monstrosity
 26221 | Swamp:4  | Killed a tentacled monstrosity
 26221 | Swamp:4  | Reached skill level 15 in Armour
 26281 | Swamp:4  | Found a frozen archway.
 26329 | IceCv    | Entered an ice cave
 26718 | IceCv    | Noticed an Ice Fiend
 26730 | IceCv    | Killed an Ice Fiend
 26749 | IceCv    | Got a fine scale mail
 26839 | Swamp:4  | Noticed a thorn hunter
 26860 | Swamp:4  | Killed a thorn hunter
 26890 | Swamp:4  | Noticed a thorn hunter
 26918 | Swamp:4  | Reached XP level 17. HP: 44/161 MP: 14/16
 27104 | Swamp:4  | Reached skill level 19 in Shields
 27120 | Swamp:4  | Received a gift from Okawaru
 28084 | Swamp:4  | Got a decaying rune of Zot
 28498 | Lair:1   | Identified the cursed +0 scale mail of Submission {rElec} (You found it in an ice cave)
 29363 | Snake:2  | Found Vusmalat's Jewellery Shoppe.
 29364 | Snake:2  | Found Hetanyny's Gadget Boutique.
 29365 | Snake:2  | Found Xiacir's Jewellery Shoppe.
 29376 | Snake:2  | Bought an uncursed ring of protection from magic for 500 gold pieces
 29969 | Elf:1    | Entered Level 1 of the Elven Halls
 29977 | Elf:1    | Received a gift from Okawaru
 29984 | Elf:1    | Reached skill level 20 in Shields
 30744 | Elf:1    | Reached XP level 18. HP: 172/172 MP: 17/17
 30753 | Elf:1    | Found a portal to a secret trove of treasure.
 30792 | Elf:1    | Found an ancient bone altar of Kikubaaqudgha.
 31211 | Elf:1    | Found Xiteotant's Antique Armour Boutique.
 31222 | Elf:1    | Bought a brightly glowing cloak for 342 gold pieces
 31232 | Elf:1    | Identified the +2 cloak of Love and Death {rElec rPois rC- Dex+5} (You bought it in a shop on level 1 of the Elven Halls)
 31393 | Elf:1    | Noticed Roxanne
 31410 | Elf:1    | Killed Roxanne
 31913 | Snake:3  | Received a gift from Okawaru
 32080 | Snake:3  | Received a gift from Okawaru
 32083 | Snake:3  | Got a faintly glowing short sword {god gift}
 32084 | Snake:3  | Identified the +4 short sword of Cataclysm {pierce, rPois rC+} (Okawaru gifted it to you on level 3 of the Snake Pit)
 32731 | Snake:4  | Entered Level 4 of the Snake Pit
 33391 | Snake:4  | Reached skill level 21 in Shields
 33392 | Snake:4  | Received a gift from Okawaru
 34293 | Snake:4  | Received a gift from Okawaru
 34316 | Snake:4  | Reached XP level 19. HP: 168/180 MP: 18/18
 34419 | Snake:4  | Got a serpentine rune of Zot
 34510 | Snake:4  | Reached skill level 22 in Shields
 35389 | Elf:2    | Found a huge runed gate.
 35391 | Elf:2    | Found a huge runed gate.
 35394 | Elf:2    | Found a huge runed gate.
 35432 | Elf:2    | Found Qeros's Book Shop.
 36392 | Elf:2    | Received a gift from Okawaru
 36395 | Elf:2    | Got a scorched double sword {god gift}
 36396 | Elf:2    | Identified the +8 double sword "Qinweosk" {slice, Int+4} (Okawaru gifted it to you on level 2 of the Elven Halls)
 36533 | Elf:3    | Entered Level 3 of the Elven Halls
 37556 | Elf:3    | Reached skill level 23 in Shields
 37557 | Elf:3    | Received a gift from Okawaru
 37918 | Elf:3    | Reached XP level 20. HP: 180/192 MP: 17/20
 37976 | Elf:2    | Killed from afar by a crystal guardian

Skill      XL: |  1  2  3  4  5  6  7  8  9 10 11 12 13 14 15 16 17 18 19 |
---------------+----------------------------------------------------------+-----
Armour         | 4 5 6 7 9 10 11 12 13 14 15 16 17 | 17.8
Long Blades    | 3 4 5 6 7 9 11 13 14 15 16 17 18 19 20 | 20.2
Fighting       | 4 5 6 7 8 10 12 13 15 16 17 18 19 | 19.9
Shields        | 4 5 6 7 9 10 11 13 14 15 17 18 20 21 23 | 23.2
Dodging        | 1 2 |  2.7
Stealth        | 1 2 |  2.2
Axes           | 2 |  2.6
Invocations    | 1 |  1.4
Short Blades   | 2 6 7 |  7.0
Evocations     | |  0.1

Action                   |  1- 3 |  4- 6 |  7- 9 | 10-12 | 13-15 | 16-18 | 19-21 || total
-------------------------+-------+-------+-------+-------+-------+-------+-------++-------
Melee: Long sword        |    77 |   172 |   356 |   697 |   160 |       |       ||  1462
       Headbutt          |    11 |    36 |    84 |   220 |   338 |   414 |   129 ||  1232
       Double sword      |       |       |       |       |   778 |  1093 |     1 ||  1872
       War axe           |       |       |       |       |    25 |       |       ||    25
       Short sword       |       |       |       |       |   197 |    77 |       ||   274
       Scimitar          |       |       |       |       |       |       |   421 ||   421
Invok: Heroism           |       |       |       |     3 |     6 |     3 |     1 ||    13
Evoke: Wand              |       |       |       |       |     4 |     2 |       ||     6
  Use: Scroll            |       |       |       |    25 |    23 |    10 |       ||    58
       Potion            |       |       |       |     1 |     2 |    13 |       ||    16
  Eat: Chunk             |       |     6 |    11 |    19 |    34 |    21 |     7 ||    98
       Fruit             |       |       |       |     2 |     4 |    13 |     3 ||    22
       Pizza             |       |       |       |       |       |       |     1 ||     1
Armor: Scale mail        |     7 |       |       |       |       |       |       ||     7
       Plate armour      |    42 |   137 |   158 |   249 |   530 |       |       ||  1116
       Crystal plate arm |       |       |       |       |   102 |   638 |   143 ||   883
Dodge: Dodged            |    20 |    43 |    93 |   136 |   349 |   195 |    42 ||   878
Block: Shield            |    45 |   105 |   206 |   337 |   472 |       |       ||  1165
       Buckler           |       |       |       |    11 |       |       |       ||    11
       Large shield      |       |       |       |       |   536 |  1246 |   403 ||  2185
       Reflection        |       |       |       |       |    21 |   122 |    60 ||   203
       Rpst.: Long sword |     7 |     8 |    27 |    41 |    11 |       |       ||    94
       Double sword      |       |       |       |       |    45 |    28 |       ||    73
       Scimitar          |       |       |       |       |       |       |    10 ||    10
